FBN
TAMPA SMOKERS @ MONTREAL EXPOS
04/04/1947
 
TOP OF THE 1ST
Tampa Smokers batting - Pitching for Montreal Expos : LHP Mark W Davis
Pitching: LHP Mark W Davis
Batting: RHB Earl S Smith 0-0: Ground out 6-3 (Groundball, 56, EV 91.3 MPH)
Batting: LHB Joe Jackson 0-0: Ball
1-0: SINGLE (Groundball, 56D, EV 89.4 MPH) (infield hit)
Batting: LHB Heinie Manush 0-0: Swinging Strike
0-1: Ball
1-1: Ball
2-1: Foul Ball, location: 2F
2-2: Ball
3-2: Strikes out swinging
Batting: LHB Babe Ruth 0-0: Ball
1-0: Ball
2-0: Ball
3-0: Called Strike
3-1: Base on Balls
Joe Jackson to second
Batting: RHB Ossie Bluege 0-0: Foul Ball, location: 2F
0-1: Ball
1-1: Ball
2-1: Swinging Strike
2-2: Foul Ball, location: 2F
2-2: Foul Ball, location: 2F
2-2: SINGLE (Line Drive, 8LS, EV 106.3 MPH)
Joe Jackson to third
Babe Ruth to second
Runner from 3rd tries for Home, throw by CF and OUT! 8-2
Top of the 1st over - 0 runs, 2 hits, 0 errors, 2 left on base; Tampa 0 - Montreal 0
BOTTOM OF THE 1ST
Montreal Expos batting - Pitching for Tampa Smokers : LHP Lefty Williams
Pitching: LHP Lefty Williams
Batting: LHB Duane Walker 0-0: Bunted foul
0-1: Called Strike
0-2: Foul Ball, location: 2F
0-2: Ball
1-2: Ball
2-2: Ball
3-2: Foul Ball, location: 2F
3-2: Strikes out looking
Batting: RHB Luis Sanchez 0-0: Ball
1-0: Ball
2-0: Called Strike
2-1: SINGLE (Groundball, 6MD, EV 101.3 MPH)
Batting: SHB Garry Templeton 0-0: Foul Ball, location: 2F
0-1: Ball
1-1: Fly out, F8 (Flyball, 8RD, EV 90.0 MPH)
Batting: RHB Dale Murphy 0-0: Ball
Luis Sanchez steals 2nd base
1-0: Ball
2-0: Ball
3-0: Foul Ball, location: 2F
3-1: Base on Balls
Batting: LHB Guonçalo Fernandes 0-0: Reaches on Catchers interference
Luis Sanchez to third
Dale Murphy to second
Batting: RHB Charlie Moore 0-0: Ball
1-0: Ball
2-0: Called Strike
2-1: Ball
3-1: Base on Balls
Luis Sanchez scores
Dale Murphy to third
Guonçalo Fernandes to second
Batting: LHB Ernesto Quevedo 0-0: Ball
1-0: GRAND SLAM HOME RUN (Flyball, 78XD, EV 108.8 MPH), Distance : 405 ft
Batting: LHB Donald Elliott 0-0: Called Strike
0-1: Ball
1-1: Ball
2-1: Fly out, F4 (Flyball, 34D, EV 93.1 MPH)
Bottom of the 1st over - 5 runs, 2 hits, 1 error, 0 left on base; Tampa 0 - Montreal 5
TOP OF THE 2ND
Tampa Smokers batting - Pitching for Montreal Expos : LHP Mark W Davis
Batting: LHB Bill Dickey 0-0: Called Strike
0-1: Ball
1-1: Swinging Strike
1-2: Ball
2-2: Ball
3-2: Strikes out looking
Batting: RHB Bernie Friberg 0-0: Swinging Strike
0-1: Ball
1-1: Ball
2-1: Ball
3-1: Foul Ball, location: 2F
3-2: Base on Balls
Batting: RHB Ralph Fraser 0-0: Ball
1-0: Ball
2-0: Called Strike
2-1: Swinging Strike
2-2: Strikes out looking
Batting: RHB Lefty Williams 0-0: Ball
1-0: Ball
2-0: Foul Ball, location: 2F
2-1: Foul Ball, location: 2F
2-2: Strikes out swinging
Top of the 2nd over - 0 runs, 0 hits, 0 errors, 1 left on base; Tampa 0 - Montreal 5
BOTTOM OF THE 2ND
Montreal Expos batting - Pitching for Tampa Smokers : LHP Lefty Williams
Batting: LHB Mark W Davis 0-0: Ball
1-0: Fly out, F8 (Flyball, 89D, EV 105.0 MPH)
Batting: LHB Duane Walker 0-0: Foul Ball, location: 2F
0-1: Fly out, F9 (Flyball, 9D, EV 106.9 MPH)
Batting: RHB Luis Sanchez 0-0: Ball
1-0: Ball
2-0: Foul Ball, location: 2F
2-1: Ball
3-1: Base on Balls
Batting: SHB Garry Templeton 0-0: Called Strike
Luis Sanchez is caught stealing 2nd base 2-4
Bottom of the 2nd over - 0 runs, 0 hits, 0 errors, 0 left on base; Tampa 0 - Montreal 5
TOP OF THE 3RD
Tampa Smokers batting - Pitching for Montreal Expos : LHP Mark W Davis
Batting: RHB Earl S Smith 0-0: Fly out, F8 (Flyball, 8LD, EV 103.1 MPH)
Batting: LHB Joe Jackson 0-0: Fly out, F7 (Flyball, 78D, EV 95.6 MPH)
Batting: LHB Heinie Manush 0-0: Called Strike
0-1: Ball
1-1: SINGLE (Line Drive, 9S, EV 87.5 MPH)
Batting: LHB Babe Ruth 0-0: Called Strike
0-1: Ball
1-1: Swinging Strike
1-2: Foul Ball, location: 2F
1-2: Foul Ball, location: 2F
1-2: Ball
2-2: Ball
3-2: Foul Ball, location: 2F
3-2: Base on Balls
Heinie Manush to second
Batting: RHB Ossie Bluege 0-0: Called Strike
0-1: DOUBLE (Line Drive, 9LM, EV 105.0 MPH)
Heinie Manush scores
Babe Ruth to third
Runner from 3rd tries for Home, SAFE, throw by RF to trailing runner, SAFE at third!
Batting: LHB Bill Dickey 0-0: Called Strike
0-1: Fly out, F9 (Flyball, 89S, EV 91.3 MPH)
Top of the 3rd over - 2 runs, 2 hits, 0 errors, 1 left on base; Tampa 2 - Montreal 5
BOTTOM OF THE 3RD
Montreal Expos batting - Pitching for Tampa Smokers : LHP Lefty Williams
Batting: SHB Garry Templeton 0-0: Fly out, F8 (Flyball, 89XD, EV 105.0 MPH)
Batting: RHB Dale Murphy 0-0: Foul Ball, location: 2F
0-1: Foul Ball, location: 2F
0-2: Strikes out looking
Batting: LHB Guonçalo Fernandes 0-0: Ball
1-0: Ball
2-0: Ball
3-0: Called Strike
3-1: Foul Ball, location: 2F
3-2: Foul Ball, location: 2F
3-2: Foul Ball, location: 2F
3-2: Strikes out looking
Bottom of the 3rd over - 0 runs, 0 hits, 0 errors, 0 left on base; Tampa 2 - Montreal 5
TOP OF THE 4TH
Tampa Smokers batting - Pitching for Montreal Expos : LHP Mark W Davis
Batting: RHB Bernie Friberg 0-0: Swinging Strike
0-1: Ground out 5-3 (Groundball, 5, EV 98.8 MPH)
Batting: RHB Ralph Fraser 0-0: Ball
1-0: Ball
2-0: Ball
3-0: Called Strike
3-1: Called Strike
3-2: Strikes out looking
Batting: RHB Lefty Williams 0-0: Ground out U3 (Groundball, 34, EV 100.0 MPH)
Top of the 4th over - 0 runs, 0 hits, 0 errors, 0 left on base; Tampa 2 - Montreal 5
BOTTOM OF THE 4TH
Montreal Expos batting - Pitching for Tampa Smokers : LHP Lefty Williams
Batting: RHB Charlie Moore 0-0: Ball
1-0: Called Strike
1-1: Called Strike
1-2: Ball
2-2: Foul Ball, location: 2F
2-2: Ball
3-2: DOUBLE (Groundball, 5L, EV 100.6 MPH)
Batting: LHB Ernesto Quevedo 0-0: Called Strike
0-1: Fly out, F7 (Flyball, 7LS, EV 93.1 MPH)
Batting: LHB Donald Elliott 0-0: Ball
1-0: Ball
2-0: Ground out 6-3 (Groundball, 6, EV 97.5 MPH)
Batting: LHB Mark W Davis 0-0: Called Strike
0-1: Swinging Strike
0-2: Foul Ball, location: 2F
0-2: Ball
1-2: Ball
2-2: Ball
3-2: Strikes out swinging
Bottom of the 4th over - 0 runs, 1 hit, 0 errors, 1 left on base; Tampa 2 - Montreal 5
TOP OF THE 5TH
Tampa Smokers batting - Pitching for Montreal Expos : LHP Mark W Davis
Batting: RHB Earl S Smith 0-0: Called Strike
0-1: Foul Ball, location: 2F
0-2: Strikes out swinging
Batting: LHB Joe Jackson 0-0: Bunted foul
0-1: Foul Ball, location: 2F
0-2: Ground out 4-3 (Groundball, 4, EV 81.3 MPH)
Batting: LHB Heinie Manush 0-0: Called Strike
0-1: Ground out 4-3 (Groundball, 4, EV 80.0 MPH)
Top of the 5th over - 0 runs, 0 hits, 0 errors, 0 left on base; Tampa 2 - Montreal 5
BOTTOM OF THE 5TH
Montreal Expos batting - Pitching for Tampa Smokers : LHP Lefty Williams
Batting: LHB Duane Walker 0-0: Ball
1-0: Foul Ball, location: 2F
1-1: Ball
2-1: Foul Ball, location: 2F
2-2: Ball
3-2: Foul Ball, location: 2F
3-2: Ground out 4-3 (Groundball, 34D, EV 98.1 MPH)
Batting: RHB Luis Sanchez 0-0: Ball
1-0: Called Strike
1-1: Ball
2-1: Ball
3-1: Foul Ball, location: 2F
3-2: SINGLE (Line Drive, 89M, EV 104.4 MPH)
Batting: SHB Garry Templeton 0-0: Called Strike
0-1: Ball
1-1: Called Strike
1-2: Ball
2-2: Strikes out looking
Batting: RHB Dale Murphy 0-0: Called Strike
0-1: Ball
1-1: Fly out, F8 (Flyball, 78D, EV 101.9 MPH)
Bottom of the 5th over - 0 runs, 1 hit, 0 errors, 1 left on base; Tampa 2 - Montreal 5
TOP OF THE 6TH
Tampa Smokers batting - Pitching for Montreal Expos : LHP Mark W Davis
Batting: LHB Babe Ruth 0-0: Ball
1-0: Foul Ball, location: 2F
1-1: SINGLE (Groundball, 5D, EV 100.6 MPH)
Batting: RHB Ossie Bluege 0-0: Swinging Strike
0-1: Hit by Pitch
Babe Ruth to second
Batting: LHB Bill Dickey 0-0: Ball
1-0: Ball
2-0: Swinging Strike
2-1: Called Strike
2-2: Fly out, F8 (Flyball, 78S, EV 87.5 MPH)
Batting: RHB Bernie Friberg 0-0: Called Strike
0-1: Ball
1-1: Ball
2-1: Ball
3-1: Fly out, F1 (Popup, 13, EV 71.9 MPH)
Batting: RHB Ralph Fraser 0-0: Called Strike
0-1: Foul Ball, location: 2F
0-2: Ball
1-2: Foul Ball, location: 2F
1-2: Fly out, F7 (Flyball, 7, EV 88.1 MPH)
Top of the 6th over - 0 runs, 1 hit, 0 errors, 2 left on base; Tampa 2 - Montreal 5
BOTTOM OF THE 6TH
Montreal Expos batting - Pitching for Tampa Smokers : LHP Lefty Williams
Batting: LHB Guonçalo Fernandes 0-0: Ball
1-0: Swinging Strike
1-1: Ground out 1-3 (Groundball, 13, EV 69.4 MPH)
Batting: RHB Charlie Moore 0-0: Foul Ball, location: 2F
0-1: Foul Ball, location: 2F
0-2: Ball
1-2: Strikes out swinging
Batting: LHB Ernesto Quevedo 0-0: Ball
1-0: Called Strike
1-1: Fly out, F7 (Flyball, 78D, EV 97.5 MPH)
Bottom of the 6th over - 0 runs, 0 hits, 0 errors, 0 left on base; Tampa 2 - Montreal 5
TOP OF THE 7TH
Tampa Smokers batting - Pitching for Montreal Expos : LHP Mark W Davis
Batting: RHB Lefty Williams 0-0: Ball
1-0: Foul Ball, location: 2F
1-1: SINGLE (Groundball, 6MD, EV 95.0 MPH)
Batting: RHB Earl S Smith 0-0: Called Strike
0-1: Called Strike
0-2: Fly out, F4 (Popup, 4M, EV 67.5 MPH)
Batting: LHB Joe Jackson 0-0: Called Strike
0-1: Ball
1-1: Called Strike
Lefty Williams steals 2nd base
1-2: Ball
2-2: SINGLE (Line Drive, 78S, EV 97.5 MPH)
Lefty Williams to third
Batting: LHB Heinie Manush 0-0: Ball
1-0: Ball
2-0: Called Strike
2-1: Ball
3-1: Foul Ball, location: 2F
3-2: Reached on error, E5 (Groundball, 5L, EV 84.4 MPH)
Lefty Williams scores
Joe Jackson to second
Batting: LHB Babe Ruth 0-0: Foul Ball, location: 2F
0-1: Called Strike
0-2: Ball
1-2: Fly out, F9 (Flyball, 89S, EV 86.9 MPH)
Batting: RHB Ossie Bluege 0-0: Ball
1-0: SINGLE (Groundball, P, EV 86.3 MPH) (infield hit)
Joe Jackson to third
Heinie Manush to second
Batting: LHB Bill Dickey 0-0: Called Strike
0-1: Ball
1-1: Called Strike
1-2: Foul Ball, location: 2F
1-2: Fly out, F3 (Line Drive, 4, EV 73.8 MPH)
Top of the 7th over - 1 run, 3 hits, 1 error, 3 left on base; Tampa 3 - Montreal 5
BOTTOM OF THE 7TH
Montreal Expos batting - Pitching for Tampa Smokers : LHP Lefty Williams
Batting: LHB Donald Elliott 0-0: Ball
1-0: Fly out, F8 (Flyball, 78D, EV 101.9 MPH)
Pinch Hitting: RHB Dave Winfield 0-0: Ball
1-0: Ground out 5-3 (Groundball, 56, EV 82.5 MPH)
Batting: LHB Duane Walker 0-0: Ball
1-0: Ball
2-0: Ball
3-0: Called Strike
3-1: Base on Balls
Batting: RHB Luis Sanchez 0-0: Ball
1-0: Called Strike
1-1: Ball
2-1: Ball
3-1: Foul Ball, location: 2F
3-2: Foul Ball, location: 2F
3-2: Base on Balls
Duane Walker to second
Batting: SHB Garry Templeton 0-0: Called Strike
0-1: Ball
1-1: SINGLE (Line Drive, 9LS, EV 113.1 MPH)
Duane Walker to third
Luis Sanchez to second
Runner from 3rd tries for Home, SAFE, throw by RF to home
Batting: RHB Dale Murphy 0-0: Called Strike
0-1: Foul Ball, location: 2F
0-2: Ball
1-2: SINGLE (Groundball, 56D, EV 108.1 MPH)
Luis Sanchez to third
Garry Templeton to second
Runner from 3rd tries for Home, SAFE, throw by LF to home
Pitching: LHP Art Reinhart
Batting: LHB Guonçalo Fernandes 0-0: Fielders Choice at 2nd, 6-4 (Groundball, 6, EV 84.4 MPH)
Bottom of the 7th over - 2 runs, 2 hits, 0 errors, 2 left on base; Tampa 3 - Montreal 7
TOP OF THE 8TH
Tampa Smokers batting - Pitching for Montreal Expos : LHP Mark W Davis
Pitching: RHP Rollie Fingers
Batting: RHB Bernie Friberg 0-0: Ball
1-0: Ball
2-0: SINGLE (Line Drive, 7S, EV 105.6 MPH)
Batting: RHB Ralph Fraser 0-0: Swinging Strike
0-1: Foul Ball, location: 2F
0-2: Ball
1-2: Ball
2-2: Strikes out swinging
Pitching: LHP Frank Riccelli
Batting: LHB Art Reinhart 0-0: Ball
1-0: Swinging Strike
1-1: Swinging Strike
1-2: Strikes out swinging
Batting: RHB Earl S Smith 0-0: Ball
1-0: Foul Ball, location: 2F
1-1: Called Strike
1-2: Ball
2-2: Ball
3-2: Foul Ball, location: 2F
3-2: Foul Ball, location: 2F
3-2: Foul Ball, location: 2F
3-2: Base on Balls
Bernie Friberg to second
Batting: LHB Joe Jackson 0-0: Ball
1-0: DOUBLE (Line Drive, 78XD, EV 104.4 MPH)
Bernie Friberg scores
Earl S Smith to third
Runner from 3rd tries for Home, SAFE, no throw by CF
Batting: LHB Heinie Manush 0-0: Ball
1-0: Ball
2-0: Swinging Strike
2-1: Foul Ball, location: 2F
2-2: Strikes out swinging
Top of the 8th over - 2 runs, 2 hits, 0 errors, 1 left on base; Tampa 5 - Montreal 7
BOTTOM OF THE 8TH
Montreal Expos batting - Pitching for Tampa Smokers : LHP Art Reinhart
Batting: RHB Charlie Moore 0-0: Ball
1-0: Ball
2-0: Ball
3-0: Called Strike
3-1: Ground out U3 (Groundball, 3, EV 90.6 MPH)
Batting: LHB Ernesto Quevedo 0-0: Called Strike
0-1: Foul Ball, location: 2F
0-2: Foul Ball, location: 2F
0-2: Ground out 3-1 (Groundball, 34S, EV 88.8 MPH)
Batting: LHB Donald Elliott 0-0: Ground out 5-3 (Groundball, 5, EV 83.8 MPH)
Bottom of the 8th over - 0 runs, 0 hits, 0 errors, 0 left on base; Tampa 5 - Montreal 7
TOP OF THE 9TH
Tampa Smokers batting - Pitching for Montreal Expos : LHP Frank Riccelli
Batting: LHB Babe Ruth 0-0: Called Strike
0-1: Called Strike
0-2: Ball
1-2: Ball
2-2: Ball
3-2: Strikes out swinging
Batting: RHB Ossie Bluege 0-0: Called Strike
0-1: Ball
1-1: Foul Ball, location: 2F
1-2: SINGLE (Line Drive, 78S, EV 101.9 MPH)
Batting: LHB Bill Dickey 0-0: Fly out, F9 (Flyball, 9LS, EV 90.6 MPH)
Batting: RHB Bernie Friberg 0-0: Called Strike
0-1: Ball
1-1: Foul Ball, location: 2F
1-2: Ball
2-2: Foul Ball, location: 2F
2-2: Strikes out swinging
Top of the 9th over - 0 runs, 1 hit, 0 errors, 1 left on base; Tampa 5 - Montreal 7
Tuesday, June 23rd, 2020 - OOTP Baseball 21.4 Build 63